AoeStats
← ITA | Raffy

African Clearing

503877551Analyzed
4v4 RM · 1mo ago on Sep 2, 2026· 30m 14s· 8 players
Game mode
Random Map
Map size
Large (8 player)
Population
200
Speed
Normal
Resources
Standard
Victory
Conquest
Starting age
Dark Age
Ending age
Imperial Age
RankedLock teamsTeams togetherTeam positionsShared explorationLock speedFull tech treeHidden civsTurbo modeCheats
Victory
Defeat
1492
+9
🇮🇹 Vietnamese · Italy
1390
+13
🇯🇵 Spanish · Japan
1302
+17
🇭🇺 Malians · Hungary
1274
+18
🇪🇸 Magyars · Spain
1340
-15
🇪🇸 Inca · Spain
1334
-15
🇺🇸 Slavs · United States
1323
-14
🇲🇽 Aztecs · Mexico
1295
-13
derschulerin
3:16 Loom
13:14 Feudal Age
13:17 Man-at-Arms
13:43 Arson
23:36 Double-Bit Axe
26:12 Fletching
Nocnamania
3:27 Loom
14:01 Feudal Age
14:31 Man-at-Arms
28:53 Castle Age
28:12 Double-Bit Axe
JesusVII
4:31 Loom
12:45 Feudal Age
16:07 Double-Bit Axe
18:17 Wheelbarrow
23:12 Castle Age
22:21 Bloodlines
22:49 Scale Barding Armor
22:56 Town Watch
23:58 Husbandry
30:01 Chain Barding Armor
M.Gallego
11:22 Loom
15:20 Feudal Age
18:01 Fletching
18:23 Forging
22:41 Castle Age
20:17 Champi Runner
21:25 Double-Bit Axe
22:20 Scale Mail Armor
22:47 Pikeman
22:51 Champi Warrior
25:13 Iron Casting
25:08 Squires
28:08 Fletching
28:18 Padded Archer Armor
28:50 Crossbowman
ITA | CivettaAviotrasportata
4:47 Loom
14:24 Feudal Age
14:27 Feudal Age
19:04 Castle Age
17:37 Double-Bit Axe
17:43 Gold Mining
18:54 Horse Collar
19:24 Fletching
23:07 Bodkin Arrow
29:40 Wheelbarrow
nanakusa
13:00 Feudal Age
13:31 Loom
16:41 Castle Age
14:53 Double-Bit Axe
15:49 Gold Mining
16:47 Town Watch
17:29 Fletching
22:37 Horse Collar
24:41 Wheelbarrow
26:21 Heavy Plow
Uporcpine
3:53 Loom
14:22 Feudal Age
18:56 Castle Age
17:54 Scale Mail Armor
ITA | Raffy
3:35 Loom
12:39 Feudal Age
13:16 Double-Bit Axe
14:50 Horse Collar
21:26 Castle Age
20:12 Gold Mining
20:41 Bloodlines
20:48 Fletching
22:32 Bow Saw
24:50 Bodkin Arrow
27:58 Ballistics
27:55 Husbandry
29:17 Padded Archer Armor
Connection lost

Rejoining the realm…

Still unreachable

The connection could not be restored.

Session expired

The server has moved on; the page needs a fresh start.